 Dungeon Crawl Stone Soup version 0.21-a0-221-gfe971b9 (webtiles) character file.

25 motkurip the Ducker (level 2, -2/14 HPs)
             Began as a Felid Chaos Knight on Aug 26, 2017.
             Slain by a hobgoblin
             ... wielding a +1 dagger of distortion
              (14 damage)
             ... on level 1 of the Dungeon.
             The game lasted 00:02:03 (863 turns).

motkurip the Ducker (Felid Chaos Knight)             Turns: 863, Time: 00:02:04

Health: -2/14      AC:  1    Str:  8    XL:     2   Next: 82%
Magic:  3/3        EV: 18    Int: 13    God:    Xom [..*...]
Gold:   24         SH:  0    Dex: 15    Spells: 1/1 levels left
                                        Lives:  0   Deaths: 0

rFire    . . .     SeeInvis +     - Unarmed
rCold    . . .     Gourm    .   (shield unavailable)
rNeg     . . .     Faith    .   (armour unavailable)
rPois    .         Spirit   .   (helmet unavailable)
rElec    .         Reflect  .   (cloak unavailable)
rCorr    .         Harm     .   (gloves unavailable)
MR       .....                  (boots unavailable)
Stlth    ++........             (no amulet)
HPRegen  0.04/turn              (no ring)
MPRegen  0.08/turn              (no ring)

@: quick
A: no armour, no weapons or thrown items, stealth, claws 1, fangs 3, see
invisible, carnivore 3, speed 1, shaggy fur 1, slow metabolism 1, sharp paws
a: Renounce Religion


You were on level 1 of the Dungeon.
You worshipped Xom.
You were a toy of Xom.
You were completely stuffed.

You visited 1 branch of the dungeon, and saw 1 of its levels.

You collected 24 gold pieces.

Inventory:

Scrolls
 b - a scroll of identify {unknown}
 c - a scroll of remove curse {unknown}
 d - a scroll of enchant weapon {unknown}
Potions
 e - a potion of curing {unknown}
Comestibles
 a - a meat ration
 f - 4 chunks of flesh


   Skills:
 - Level 3.0 Fighting
 + Level 3.5 Dodging
 - Level 2.0 Stealth
 * Level 3.5 Unarmed Combat


You had one spell level left.
You didn't know any spells.

Dungeon Overview and Level Annotations

Branches:
Dungeon (1/15)

Altars:


Innate Abilities, Weirdness & Mutations

You cannot wear armour.
You are incapable of wielding weapons or throwing items.
Your paws allow you to move quietly. (Stealth)
You have sharp claws.
You have razor-sharp teeth.
You have supernaturally acute eyesight. (SInv)
You are carnivorous and can eat meat at any time.
You cover ground quickly.
You are covered in fur. (AC +1)
You have a slow metabolism.
Your sharp claws are effective at attacking unaware monsters.


Message History

No target in view!
You see here a dart slug corpse.
You butcher the dart slug corpse.
f - 4 chunks of flesh (gained 2)
Found a ring mail.
You closely miss the hobgoblin.
The hobgoblin shouts!
You bite the hobgoblin.
The hobgoblin is heavily wounded.
The hobgoblin closely misses you.
You scratch the hobgoblin but do no damage.
The hobgoblin is heavily wounded.
The hobgoblin hits you but does no damage.
Space bends around you.
You barely miss the hobgoblin.
The hobgoblin is moderately wounded.
The hobgoblin hits you but does no damage.
Space warps horribly around you!
Ouch! That really hurt!
You die...

.##.###.#
#.#.....###.
.##.###.# #.......#
#. ........#
#####.### #.
.##..##.# #.# #. ##.
#.# #.# #. #. #.#
##'## ## #.###.##.#
##...## #........#
##.....## #####.@###
##.......## #.g.#
#......(..## ....[..
+......)..'.
###...####.........##
#...# ##.......##
..#.# ##.....## ## .#
##...## .# ##+##


You could see a hobgoblin.

Vanquished Creatures
  2 dart slugs (D:1)
  A ball python (D:1)
  A giant cockroach (D:1)
  3 goblins (D:1)
  2 hobgoblins (D:1)
  A kobold (D:1)
  3 bats (D:1)
  A frilled lizard (D:1)
14 creatures vanquished.

Vanquished Creatures (collateral kills)
  A gnoll (D:1)
1 creature vanquished.

Grand Total: 15 creatures vanquished

Notes
Turn   | Place    | Note
-------+----------+-------------------------------------------
     0 | D:1      | motkurip the Felid Chaos Knight began the quest for the Orb.
     0 | D:1      | Reached XP level 1. HP: 10/10 MP: 2/2
   157 | D:1      | XOM: harmless Pois miscast
   181 | D:1      | XOM: divination: detect creatures
   363 | D:1      | XOM: cast spell 'Cause Fear'
   547 | D:1      | XOM: mild Tloc miscast
   548 | D:1      | Noticed a spatial vortex
   570 | D:1      | XOM: cast spell 'Summon Mana Viper'
   572 | D:1      | Reached skill level 1 in Stealth
   572 | D:1      | Reached XP level 2. HP: 8/14 MP: 3/3
   750 | D:1      | XOM: harmless Hex miscast
   863 | D:1      | Slain by a hobgoblin

Vault maps used:
D:1:      saegor_arrival_simple_a, nrook_loot_triangle

Skill      XL: |  1  2 |
---------------+-------+-----
Stealth        | 1 2 |  2.0
Fighting       | |  3.0
Dodging        | |  3.5
Unarmed Combat | |  3.5

Action                   || total
-------------------------++-------
Melee: Unarmed           ||    37
       Bite              ||     3
 Stab: Sleeping          ||     4
  Eat: Chunk             ||     7
Armor: Skin              ||     2
Dodge: Dodged            ||    24

Table legend:
 A = Spawn XP
 B = Non-spawn XP
 C = Spawn XP percentage of total XP
 D = Spawn monster count
 E = Non-spawn monster count
 F = Spawn count percentage of total count
 G = Total turns spent on level
                    A         B        C        D         E        F      G
               +---------+---------+-------+---------+---------+-------+---------
         Total |       0 |      36 |   0.0 |       0 |      15 |   0.0 |   863
               +---------+---------+-------+---------+---------+-------+---------
           D:1 |       0 |      36 |   0.0 |       0 |      15 |   0.0 |   863
               +---------+---------+-------+---------+---------+-------+---------
